 Dungeon Crawl Stone Soup version 0.28-a0-1190-g77e1c55843 (webtiles) character file.

Game seed: 7337759961425188101

360 Gwenloh the Sneak (level 6, -10/38 HPs)
             Began as a Kobold Brigand on Dec 18, 2021.
             Mangled by an orc warrior (11 damage)
             ... on level 4 of the Dungeon.
             The game lasted 00:19:55 (4784 turns).

Gwenloh the Sneak (Kobold Brigand)                  Turns: 4784, Time: 00:19:56

Health: -10/38     AC:  6    Str:  8    XL:     6   Next: 98%
Magic:  0/6        EV: 15    Int: 13    God:
Gold:   36         SH:  0    Dex: 18    Spells: 4/5 levels left

rFire   . . .      SeeInvis .   a - +2 dagger
rCold   . . .      Faith    .   (shield restricted)
rNeg    . . .      Spirit   +   f - +0 leather armour {rPois}
rPois   +          Reflect  .   i - +0 helmet
rElec   .          Harm     .   c - +0 cloak
rCorr   .          Rampage  .   (no gloves)
Will    .....                   t - +0 pair of boots
Stlth   ++++......              h - amulet of guardian spirit
HPRegen 0.12/turn               (no ring)
MPRegen 0.10/turn               (no ring)

@: no status effects
A: small, no large weapons, nightstalker 3
a: no special abilities


You were on level 4 of the Dungeon.
You visited 1 branch of the dungeon, and saw 5 of its levels.

You collected 144 gold pieces.
You spent 108 gold pieces at shops.

Inventory:

Hand Weapons
 a - a +2 dagger (weapon)
 l - a +0 hunting sling
Missiles
 k - 26 sling bullets
 m - 80 stones (quivered)
 q - 32 bolts
Armour
 b - a +0 robe
 c - a +0 cloak (worn)
 f - a +0 leather armour of poison resistance (worn)
 i - a +0 helmet (worn)
 t - a +0 pair of boots (worn)
Jewellery
 h - an amulet of guardian spirit (around neck)
Scrolls
 e - a scroll of noise {unknown}
 g - a scroll of vulnerability
 o - a scroll of fear
 r - a scroll of amnesia
 u - 3 scrolls of identify
 v - a scroll of teleportation
Potions
 j - a potion of flight
 n - 2 potions of curing
 p - a potion of cancellation {unknown}
 s - a potion of degeneration {unknown}
 w - a potion of ambrosia {unknown}


   Skills:
 + Level 3.7 Fighting
 + Level 4.6 Short Blades
 - Level 2.1 Throwing
 + Level 3.6 Dodging
 + Level 7.2 Stealth
 + Level 2.0 Hexes


You had 4 spell levels left.
You knew the following spells:

 Your Spells              Type           Power      Damage    Failure   Level
a - Slow                  Hex            20%        N/A       19%         1

Your spell library contained the following spells:

 Spells                   Type           Power      Damage    Failure   Level
 Shock                    Conj/Air       0%         1d3       41%         1
 Confusing Touch          Hex            5%         N/A       50%         3
 Scorch                   Fire           0%         2d5       56%         2
 Ozocubu's Armour         Ice            0%         N/A       80%         3
 Swiftness                Air            0%         N/A       80%         3
 Vampiric Draining        Necr           0%         2d6       80%         3
 Airstrike                Air            0%         N/A       99%         4
 Flame Wave               Conj/Fire      0%         2d4       99%         4
 Summon Cactus Giant      Summ           0%         N/A       100%        6
 Ozocubu's Refrigeration  Ice            0%         4d5       100%        7


Dungeon Overview and Level Annotations

Branches:
Dungeon (5/15)
 Temple: D:4-7

Altars:
Wu Jian

Shops:
D:1 :?[[   D:4 !??[

Annotations:
D:5 Grinder


Innate Abilities, Weirdness & Mutations

You are small and have problems with some larger weapons.
You are completely attuned to the shadows.


Message History

The orc warrior looks even sicker.
The orc warrior is lightly wounded.
You throw a poisoned dart. The poisoned dart hits the orc warrior.
The orc warrior looks even sicker.
The orc warrior is lightly wounded.
The orc warrior misses you.
You throw a poisoned dart. The poisoned dart hits the orc warrior.
The orc warrior is lightly wounded.
The orc warrior hits you from afar with a +0 halberd.
There is a stone staircase leading up here.
An orc comes into view. It is wielding a +0 short sword.
The orc warrior hits you with a +0 halberd!
There is a stone staircase leading up here.
The orc warrior misses you.
The orc wizard gestures at you while chanting.
You resist with some effort.
You climb upwards.
There is a stone staircase leading down here.
The orc warrior closely misses you.
The orc warrior hits you but does no damage.
The orc warrior barely misses you.
You throw a poisoned dart. The poisoned dart hits the orc warrior.
The orc warrior looks even sicker.
The orc warrior is severely wounded.
The orc warrior hits you from afar with a +0 halberd.
You are too injured to fight recklessly!
The orc warrior looks more healthy.
Okay, then.
The orc warrior hits you with a +0 halberd!
* * * LOW HITPOINT WARNING * * *
You hit the orc warrior.
The orc warrior is almost dead.
You hit the orc warrior but do no damage.
The orc warrior is almost dead.
The orc warrior hits you with a +0 halberd!
* * * LOW HITPOINT WARNING * * *
You barely miss the orc warrior.
The orc warrior is almost dead.
The orc warrior hits you with a +0 halberd!
You die...

.#......##### ##..####.#.##.#.
..###.#.....########.####.####.#.
.## #....†..........)...<.# #.#.
.# ##.#####.######...##### #.##
.## ##..# #.# #...# #...
#.###...####.######...# ####
#....#................#
#.#.##..^##...#####...#
#...(..........o@.....#
#>..#######...####....# #...#
##.####.....#
#...#######...........#
#............####..∩#.#
#...#######.## #.#.#.# #...## #.#
#)#.#.# #....######.# #.#.#.#
#...........# #.#.#.#


You could see an orc warrior.

Vanquished Creatures
  A scorpion (D:4)
  A centaur zombie (D:5)
  A hound (D:4)
  2 iguanas (D:4)
  2 bullfrog skeletons
  An orc wizard (D:4)
  4 adders
  2 dart slugs
  6 orcs
  3 ball pythons
  8 bats
  10 endoplasms
  2 giant cockroaches
  3 goblins
  2 hobgoblins
  2 frilled lizards
  6 kobolds
  6 rats
62 creatures vanquished.

Vanquished Creatures (others)
  A fungus (D:2)
  2 plants (D:2)
3 creatures vanquished.

Grand Total: 65 creatures vanquished

Notes
Turn   | Place    | Note
-------+----------+-------------------------------------------
     0 | D:1      | Gwenloh the Kobold Brigand began the quest for the Orb.
     0 | D:1      | Reached XP level 1. HP: 12/12 MP: 1/1
   365 | D:1      | Found Oshresch's Magic Scroll Boutique.
   384 | D:1      | Reached XP level 2. HP: 18/18 MP: 2/2
   756 | D:1      | Found Xoiberph's Book Shoppe.
   789 | D:1      | Found Donee's Armour Shop.
   816 | D:1      | Found Nugg's Armour Boutique.
  1044 | D:2      | Reached skill level 6 in Stealth
  1044 | D:2      | Reached XP level 3. HP: 22/22 MP: 3/3
  1280 | D:2      | Reached XP level 4. HP: 12/27 MP: 2/4
  1516 | D:2      | You fall into a shaft and drop 1 floor!
  1734 | D:3      | Learned a level 1 spell: Slow
  2205 | D:2      | Found a faded altar of an unknown god.
  2610 | D:3      | Reached XP level 5. HP: 26/32 MP: 2/5
  2954 | D:4      | Found Teom's Distillery.
  2961 | D:4      | Reached skill level 1 in Hexes
  3016 | D:1      | Bought a scroll of identify for 28 gold pieces
  3016 | D:1      | Bought a scroll of identify for 28 gold pieces
  3016 | D:1      | Bought a scroll of identify for 28 gold pieces
  3206 | D:4      | Reached XP level 6. HP: 19/37 MP: 2/6
  3364 | D:4      | Found Waweor's Magic Scroll Emporium.
  3598 | D:4      | Found Dimemaf's Magic Scroll Emporium.
  3603 | D:4      | Bought a scroll of identify for 24 gold pieces
  3628 | D:4      | Found an ornate altar of the Wu Jian Council.
  3663 | D:4      | Reached skill level 7 in Stealth
  3915 | D:4      | Found Hoeh's Armour Emporium.
  4358 | D:5      | Entered Level 5 of the Dungeon
  4538 | D:5      | Noticed Grinder
  4732 | D:5      | Noticed an orc warrior
  4783 | D:4      | HP: 1/38 [orc warrior (5)]
  4784 | D:4      | Mangled by an orc warrior

Illustrated notes

Levels and vault maps discovered:
D:1:      ncdulo_watergridlock, layout_basic, serial_shops,
          nicolae_shop_advertising_works [nicolae_subvault_shop_adworks],
          nicolae_shop_trees, shop, nicolae_shop_window_shopping,
          item_on_display_a
D:2:      layout_rooms, shapermc_ecumenical_altar_petra
D:3:      layout_basic, mrwooster_statue_mirror, minmay_bisected
D:4:      layout_loops_ring, nicolae_wu_jian_wuxing_cycle, serial_shops,
          nicolae_take_the_stairs, shop, nicolae_lakefront_shop,
          nicolae_square_shop
D:5:      layout_loops_ring, nicolae_overflow_squiral, hangedman_decor_growths,
          uniq_crazy_yiuf_cottage, uniq_grinder, uniq_prince_ribbit1

Skill      XL: |  1  2  3  4  5  6 |
---------------+-------------------+-----
Short Blades   | 3 4 |  4.6
Stealth        | 6 7 |  7.2
Dodging        | 2 3 |  3.6
Fighting       | 3 |  3.7
Hexes          | 1 2 |  2.0
Throwing       | |  2.1

Action                   |  1- 3 |  4- 6 || total
-------------------------+-------+-------++-------
Melee: Dagger            |    71 |   201 ||   272
Throw: Dart              |     3 |    17 ||    20
 Cast: Slow              |       |     7 ||     7
  Use: Scroll            |       |     6 ||     6
       Potion            |       |     1 ||     1
 Stab: Sleeping          |     9 |    22 ||    31
Armor: Leather armour    |    18 |    29 ||    47
Dodge: Dodged            |    36 |   134 ||   170

Table legend: (Time is in decaauts)
 A = Elapsed time spent in this place.
 B = Non-inter-level travel time spent in this place.
 C = Inter-level travel time spent in this place.
 D = Time resting spent in this place.
 E = Time spent auto-exploring this place.
 F = Levels seen in this place.
 G = Mean time per level.
                   A        B        C        D        E       F      G
               +--------+--------+--------+--------+--------+-----+--------+
         Total |   4738 |   4448 |    290 |    603 |   2549 |   5 |  947.6 |
       Dungeon |   4738 |   4448 |    290 |    603 |   2549 |   5 |  947.6 |
               +--------+--------+--------+--------+--------+-----+--------+

Top non-repeatable levels by time:
     D:4: 1453 daAuts
     D:3: 1182 daAuts
     D:1: 1180 daAuts
     D:2: 691 daAuts
     D:5: 231 daAuts
